 Dungeon Crawl Stone Soup version 0.29.0-15-g675c0067aa (webtiles) character file.

Game seed: 1102615096119112907

100 mortz the Trooper (level 4, -2/40 HPs)
             Began as a Hill Orc Fighter on Sept 11, 2022.
             Slain by a gnoll
             ... wielding a +0 halberd
             ... led by a gnoll bouda
              (12 damage)
             ... on level 3 of the Dungeon.
             The game lasted 00:08:01 (1870 turns).

mortz the Trooper (Hill Orc Fighter)                Turns: 1870, Time: 00:08:02

Health: -2/40      AC:  7    Str: 20    XL:     4   Next: 73%
Magic:  4/4        EV: 13    Int:  8    God:
Gold:   93         SH:  4    Dex: 10    Spells: 3/3 levels left

rFire   . . .      SeeInvis .   b - +1 war axe
rCold   . . .      Faith    .   c - +0 buckler
rNeg    . . .      Spirit   .   k - +0 scale mail
rPois   .          Reflect  .   (no helmet)
rElec   .          Harm     .   (no cloak)
rCorr   .          Rampage  .   (no gloves)
Will    .....                   (no boots)
Stlth   ..........              (no amulet)
HPRegen 0.13/turn               n - +4 ring of evasion
MPRegen 0.09/turn               (no ring)

@: no status effects
A: no striking features
a: no special abilities


You were on level 3 of the Dungeon.
You visited 1 branch of the dungeon, and saw 3 of its levels.

You collected 93 gold pieces.

Inventory:

Hand Weapons
 a - a +0 sling
 b - a +1 war axe (weapon)
Missiles
 g - 4 javelins (quivered)
Armour
 c - a +0 buckler (worn)
 k - a +0 scale mail (worn)
Jewellery
 n - a +4 ring of evasion (left hand)
Scrolls
 e - a scroll of identify
Potions
 d - a potion of might
 f - 2 potions of curing
 h - a potion of haste
 i - a potion of ambrosia {unknown}
 j - a potion of cancellation {unknown}
 l - a potion of brilliance {unknown}
 m - 2 potions of flight


   Skills:
 + Level 4.2 Fighting
 + Level 3.9 Axes
 + Level 1.5 Ranged Weapons
 + Level 0.2 Throwing
 + Level 3.9 Armour
 + Level 0.1 Stealth
 + Level 3.6 Shields


You had 3 spell levels left.
You didn't know any spells.
Your spell library contained the following spells:

 Spells                   Type           Power      Damage    Failure   Level
 Apportation              Tloc           0%         N/A       85%         1
 Necrotise                Necr           0%         1d4       85%         1
 Summon Small Mammal      Summ           0%         N/A       85%         1


Dungeon Overview and Level Annotations

Branches:
Dungeon (3/15) Zot: 16082

Altars:

Shops:
D:3 *(


Message History

g - 7 javelins (gained 4)
g - 8 javelins (gained 1)
A gnoll bouda comes into view. It is wielding a +0 club.
You throw a javelin.
The javelin pierces through the gnoll bouda.
The gnoll bouda is lightly wounded.
You throw a javelin.
The javelin closely misses the gnoll bouda.
You throw a javelin.
The javelin closely misses the gnoll bouda.
You hear a shout!
The gnoll bouda barks out a call to the hunt!
You throw a javelin.
The javelin pierces through the gnoll bouda.
The gnoll bouda is lightly wounded.
A gnoll comes into view. It is wielding a +0 halberd.
You slash the gnoll bouda!
The gnoll bouda is severely wounded.
The gnoll bouda hits you with a +0 club.
You barely miss the gnoll bouda.
The gnoll bouda is severely wounded.
The gnoll bouda hits you with a +0 club!
You hit the gnoll bouda.
The gnoll bouda is almost dead.
The gnoll bouda drinks a potion.
The gnoll bouda is healed!
The gnoll misses you.
The gnoll hits you from afar with a +0 halberd!
You barely miss the gnoll bouda.
The gnoll bouda is heavily wounded.
The gnoll bouda hits you with a +0 club.
The gnoll hits you but does no damage.
You slash the gnoll bouda!
You kill the gnoll bouda!
The gnoll hits you from afar with a +0 halberd.
* * * LOW HITPOINT WARNING * * *
You are too injured to fight recklessly!
You block the gnoll's attack.
You closely miss the gnoll. The gnoll closely misses you.
You barely miss the gnoll. The gnoll hits you with a +0 halberd!
You die...

# ## #≈ #########
###≈ ##........
.....≈
######..#######
######
#.....)######
#######
#.##.@......#
#...... #.g......#
#.##### #........#
#.# #........# #.#
#(.......####.####
#................#
#.(......##.####..#
.###........##.#
#.#
............##.#
#.#


You could see a gnoll (swift).

Vanquished Creatures
  A gnoll bouda (D:3)
  4 adders (D:2)
  A dart slug (D:1)
  4 endoplasms
  3 giant cockroaches
  3 hobgoblins
  5 quokkas
  3 ball pythons
  2 bats
  3 frilled lizards (D:1)
  A kobold (D:2)
  6 rats
36 creatures vanquished.

Notes
Turn   | Place    | Note
-------+----------+-------------------------------------------
     0 | D:1      | mortz the Hill Orc Fighter began the quest for the Orb.
     0 | D:1      | Reached XP level 1. HP: 19/19 MP: 1/1
   179 | D:1      | Reached XP level 2. HP: 26/27 MP: 2/2
   417 | D:1      | Reached skill level 4 in Fighting
   812 | D:2      | Reached XP level 3. HP: 33/33 MP: 3/3
   881 | D:2      | Reached skill level 1 in Ranged Weapons
  1205 | D:2      | Reached XP level 4. HP: 15/40 MP: 4/4
  1768 | D:3      | Found Hyimno's Antique Weapon Boutique.
  1793 | D:3      | Found Seucoleu's Assorted Antiques.
  1870 | D:3      | Slain by a gnoll

Illustrated notes

Levels and vault maps discovered:
D:1:      saegor_arrival_simple_a, layout_loops_cross
D:2:      layout_loops_ring, hangedman_decor_push
D:3:      layout_rooms, mainiacjoe_overflow_brackets, vehumet_statue,
          serial_shops, nicolae_shop_behind_doors, nicolae_shop_crystal,
          nicolae_shop_overgrown_old_shop, nicolae_shop_waterfront,
          gammafunk_ghost_grave, goddamned_bats

Skill      XL: |  1  2  3 |
---------------+----------+-----
Axes           | 3 |  3.9
Fighting       | 4 |  4.2
Ranged Weapons | 1 |  1.5
Throwing       | |  0.2
Armour         | |  3.9
Stealth        | |  0.1
Shields        | |  3.6

Action                   |  1- 3 |  4- 6 || total
-------------------------+-------+-------++-------
Melee: War axe           |    87 |    17 ||   104
 Fire: Sling             |     6 |       ||     6
Throw: Throwing net      |     4 |       ||     4
       Javelin           |       |     9 ||     9
  Use: Scroll            |     2 |     3 ||     5
 Stab: Held in net/web   |     1 |       ||     1
Armor: Scale mail        |    47 |     8 ||    55
Dodge: Dodged            |    40 |     6 ||    46
Block: Buckler           |    19 |     4 ||    23
